Map: [ESL] Site Delta

Players

ShaDoWn

  • Race: Protoss Protoss
  • Spawn Location: 5:00

MaNa - Winner!

  • Race: Protoss Protoss
  • Spawn Location: 11:00

Event: ESL SC2 Masters 2024 Spring (Regional)

VOD

Have the link to the VOD?

Description

Time

  • Played on: April 21, 2024, 10:01 a.m.
  • Length: 7:01

All games in this series

Show
View Real Time Build Order
Export as new Build Order

ShaDoWn Protoss 

Build Orders: Oracle Opening, Phoenix Opening 

Get SALT Encoding   

  12  0:01  Probe  
  13  0:13  Probe  
  14  0:16  Pylon  
  14  0:25  Probe (Chrono Boost)  
  15  0:34  Gateway  
  15  0:37  Probe (Chrono Boost)  
  16  0:46  Assimilator, Probe (Chrono Boost)  
  17  0:51  Probe  
  18  1:03  Probe (Chrono Boost)  
  19  1:05  Assimilator  
  19  1:12  Probe (Chrono Boost)  
  19  1:17  Probe (Chrono Boost), Gateway  
  20  1:24  Cybernetics Core  
  21  1:29  Probe  
  22  1:35  Pylon  
  22  1:42  Probe  
  23  1:50  Pylon  
  23  1:54  Probe  
  24  2:00  Adept  
  24  2:01  Warp Gate  
  26  2:06  Probe  
  27  2:10  Stargate  
  29  2:24  Probe  
  28  2:38  Nexus  
  28  2:45  Pylon  
  29  2:51  Oracle (Chrono Boost)  
  31  3:03  Probe  
  31  3:04  Shield Battery  
  31  3:15  Probe  
  31  3:27  Phoenix (Chrono Boost), Probe  
  30  3:39  Twilight Council, Probe  
  31  3:52  Probe  
  32  3:57  Probe  
  33  4:05  Probe  
  33  4:09  Probe  
  35  4:16  Blink  
  36  4:20  Probe (Chrono Boost)  
  36  4:21  Probe (Chrono Boost)  
  36  4:23  Stalker  
  36  4:24  Stalker  
  41  4:31  Probe (Chrono Boost)  
  41  4:32  Probe (Chrono Boost)  
  41  4:36  Probe (Chrono Boost)  
  34  4:42  Probe (Chrono Boost)  
  34  4:48  Probe (Chrono Boost)  
  35  4:54  Stalker  
  35  4:59  Probe (Chrono Boost)  
  39  5:00  Probe (Chrono Boost)  
  39  5:05  Probe (Chrono Boost)  
  40  5:08  Dark Shrine  
  40  5:12  Probe (Chrono Boost)  
  41  5:18  Probe (Chrono Boost)  
  42  5:24  Probe (Chrono Boost)  
  42  5:28  Probe (Chrono Boost)  
  44  5:30  Probe (Chrono Boost)  
  44  5:32  Probe (Chrono Boost)  
  46  5:39  Probe  
  47  5:43  Probe  
  47  5:46  Gateway  
  45  5:51  Probe  
  45  5:57  Probe (Chrono Boost)  
  45  5:59  Pylon  
  45  6:01  Stalker x2  
  45  6:03  Probe (Chrono Boost)  
  50  6:06  Pylon  
  51  6:13  Probe x2 (Chrono Boost)  
  51  6:18  Nexus  
  52  6:24  Assimilator  
  53  6:26  Dark Templar  
  53  6:28  Dark Templar  
  53  6:31  Probe  
  57  6:40  Shield Battery  
  57  6:42  Dark Templar  
  57  6:45  Probe  
  60  6:54  Pylon x2  
Show
View Real Time Build Order
Export as new Build Order

MaNa Protoss - Winner!

Build Orders: Oracle Opening 

Get SALT Encoding   

  12  0:00  Probe  
  13  0:12  Probe  
  14  0:18  Pylon  
  14  0:24  Probe (Chrono Boost)  
  15  0:36  Probe (Chrono Boost)  
  15  0:38  Gateway  
  16  0:45  Probe (Chrono Boost)  
  16  0:47  Assimilator  
  17  0:51  Probe  
  18  1:03  Probe (Chrono Boost)  
  19  1:04  Assimilator  
  19  1:06  Pylon  
  20  1:12  Probe (Chrono Boost)  
  20  1:17  Probe (Chrono Boost)  
  21  1:27  Cybernetics Core  
  21  1:28  Zealot  
  21  1:31  Probe  
  24  1:43  Probe  
  25  1:55  Probe  
  26  2:04  Adept  
  26  2:06  Stargate  
  28  2:12  Warp Gate  
  28  2:17  Pylon  
  28  2:33  Nexus  
  28  2:34  Probe  
  29  2:42  Stalker  
  31  2:52  Oracle (Chrono Boost)  
  33  2:59  Shield Battery  
  33  3:01  Probe  
  34  3:13  Probe  
  35  3:20  Stalker  
  38  3:28  Oracle (Chrono Boost)  
  38  3:31  Probe  
  39  3:36  Shield Battery  
  39  3:44  Probe  
  39  3:45  Twilight Council  
  39  3:47  Probe  
  41  3:56  Probe  
  41  3:59  Probe  
  41  4:00  Adept  
  45  4:09  Probe  
  46  4:11  Probe  
  47  4:21  Blink (Chrono Boost), Probe  
  47  4:23  Probe  
  49  4:33  Probe  
  49  4:35  Probe  
  51  4:43  Stalker  
  51  4:45  Probe  
  51  4:47  Probe  
  51  4:49  Gateway  
  50  4:56  Phoenix  
  50  4:57  Probe  
  50  4:59  Probe  
  54  5:01  Gateway  
  51  5:09  Pylon, Probe  
  51  5:11  Assimilator, Gateway  
  52  5:17  Shield Battery  
  52  5:18  Stalker  
  52  5:23  Probe  
  52  5:27  Robotics Facility  
  53  5:40  Nexus  
  53  5:44  Stalker  
  53  5:57  Stalker x2  
  53  5:59  Probe  
  53  6:03  Pylon  
  59  6:06  Stalker  
  59  6:07  Stalker  
  62  6:15  Pylon  
  62  6:17  Observer  
  62  6:20  Stalker x2  
  67  6:29  Stalker  
  67  6:31  Pylon  
  69  6:33  Pylon  
  69  6:37  Stalker  
  71  6:50  Stalker x2  
Tags
 
Add a new tag
Caveats
  • Supply blocks, unpowered buildings, or Contaminate may cause inaccurate times.
  • Supply counts are checked every 10 seconds.